[Event "WSTCC-50 2024"]
[Site "Krakow"]
[Date "2024.07.07"]
[Round "6.14"]
[White "Emms, John M"]
[Black "Paschall, William"]
[Result "1/2-1/2"]
[ECO "B22"]
[WhiteElo "2428"]
[BlackElo "2312"]
[Annotator "TA"]
[PlyCount "43"]
[EventDate "2024.07.01"]
[EventType "team-tourn"]
[EventCountry "POL"]
[SourceTitle "playchess.com"]
[Source "ChessBase"]
[SourceQuality "1"]
[TimeControl "40/5400+30:1800+30"]

1. e4 c5 2. c3 d5 3. exd5 Qxd5 4. d4 Nf6 5. Nf3 e6 6. Be2 Nc6 7. O-O cxd4 8. cxd4 Be7 9. Nc3 Qd6 10. Nb5 Qd8 11. Bf4 Nd5 12. Bg3 a6 13. Nc3 O-O 14. Re1 Bd7 15. Rc1 Nxc3 16. bxc3 {[%emt 0:00:33] White has an edge.} b5 17. a4 bxa4 18. Qxa4 Re8 19. Qa2 {[%emt 0:11:27][%cal Oe2d3] White is more active.} (19. Bxa6 $2 {is the wrong capture.} Ne5 (19... Nb4 $2 20. Qb3 $19) 20. Qd1 Nxf3+ 21. Qxf3 Rxa6 $19) 19... a5 20. Nd2 a4 21. Bf3 Bg5 22. Rcd1 {[%emt 0:05:03] Weighted Error Value: White=0.14 (very precise) /Black=0.16 (very precise) .  Inaccurate:     	White=2     	Black=3      OK:         	White=2     	Black=2} 1/2-1/2

[Event "WSTCC-50 2024"]
[Site "Krakow"]
[Date "2024.07.07"]
[Round "6.14"]
[White "Ograbek, Grzegorz"]
[Black "Richter, Ulrike"]
[Result "1-0"]
[ECO "D56"]
[WhiteElo "2063"]
[BlackElo "1904"]
[Annotator "RC"]
[PlyCount "55"]
[EventDate "2024.07.01"]
[EventType "team-tourn"]
[EventCountry "POL"]
[SourceTitle "playchess.com"]
[Source "ChessBase"]
[SourceQuality "1"]
[TimeControl "40/5400+30:1800+30"]

1. d4 d5 2. c4 e6 3. Nf3 Nf6 4. Nc3 Be7 5. Bg5 O-O 6. e3 h6 7. Bh4 a6 8. Rc1 c6 9. Bd3 dxc4 10. Bxc4 Nd5 11. Bxe7 Qxe7 12. O-O Nd7 13. Qe2 Nxc3 14. Rxc3 e5 15. Nxe5 Nxe5 16. dxe5 Qxe5 17. f4 Qe7 18. f5 Qg5 19. e4 Re8 20. e5 Qe7 21. Re3 b5 22. Bb3 Qc5 23. Kh1 a5 24. a3 Ba6 25. f6 g6 26. Qg4 Kf8 27. Qf4 g5 28. Qe4 1-0

[Event "WSTCC-50 2024"]
[Site "Krakow"]
[Date "2024.07.07"]
[Round "6.14"]
[White "Norinkeviciute, Rasa"]
[Black "Narva, Regina"]
[Result "1/2-1/2"]
[ECO "A36"]
[WhiteElo "1922"]
[BlackElo "1921"]
[Annotator "NA RC"]
[PlyCount "36"]
[EventDate "2024.07.01"]
[EventType "team-tourn"]
[EventCountry "POL"]
[SourceTitle "playchess.com"]
[Source "ChessBase"]
[SourceQuality "1"]
[TimeControl "40/5400+30:1800+30"]

1. c4 g6 2. g3 Bg7 3. Bg2 c5 4. Nc3 Nc6 5. d3 b6 6. Nf3 Bb7 7. Bd2 Ne5 8. O-O Nxf3+ 9. exf3 h5 10. h4 Nf6 11. Be3 O-O 12. d4 d6 13. Qd2 Ba6 14. b3 cxd4 15. Bxd4 e5 16. Be3 d5 17. Nb5 Bxb5 18. cxb5 Qd7 1/2-1/2

[Event "WSTCC-50 2024"]
[Site "Krakow"]
[Date "2024.07.07"]
[Round "6.15"]
[White "Ginsburg, Mark"]
[Black "Arkell, Keith C"]
[Result "1/2-1/2"]
[ECO "E11"]
[WhiteElo "2272"]
[BlackElo "2375"]
[Annotator "TA"]
[PlyCount "32"]
[EventDate "2024.07.01"]
[EventType "team-tourn"]
[EventCountry "POL"]
[SourceTitle "playchess.com"]
[Source "ChessBase"]
[SourceQuality "1"]
[TimeControl "40/5400+30:1800+30"]

1. d4 Nf6 2. c4 e6 3. Nf3 Bb4+ 4. Nbd2 d5 5. Qa4+ Nc6 6. a3 Be7 7. e3 O-O 8. Qc2 a5 9. b3 Re8 10. Bd3 Bf8 11. Bb2 {[%emt 0:01:40] White is better.} g6 12. O-O Bg7 13. Rad1 Ne7 14. Nb1 {[%emt 0:17:43] White is more active.} b6 {[%emt 0:04:55] White is slightly better.} 15. Nc3 Bb7 16. Ne5 c6 {Weighted Error Value: White=0.08 (flawless) /Black=0.11 (very precise) .  Inaccurate:     	---       	Black=1      OK:         	White=3     	Black=1} 1/2-1/2

[Event "WSTCC-50 2024"]
[Site "Krakow"]
[Date "2024.07.07"]
[Round "6.15"]
[White "Fomina, Tatyana"]
[Black "Baliuniene, Margarita"]
[Result "1-0"]
[ECO "C10"]
[WhiteElo "2192"]
[BlackElo "1960"]
[Annotator "RC"]
[PlyCount "97"]
[EventDate "2024.07.01"]
[EventType "team-tourn"]
[EventCountry "POL"]
[SourceTitle "playchess.com"]
[Source "ChessBase"]
[SourceQuality "1"]
[TimeControl "40/5400+30:1800+30"]

1. d4 d5 2. Nc3 e6 3. e4 dxe4 4. Nxe4 Nd7 5. Nf3 Ngf6 6. Bd3 Be7 7. O-O b6 8. Qe2 O-O 9. c3 Bb7 10. Rd1 Nxe4 11. Bxe4 Bxe4 12. Qxe4 Nf6 13. Qe2 Qc8 14. Bg5 Re8 15. Rd3 h6 16. Bd2 c5 17. Ne5 Qb7 18. Re1 cxd4 19. Rg3 Bf8 20. Bxh6 dxc3 21. bxc3 Rad8 22. h4 Rd5 23. Qf3 Kh7 24. Bg5 Rxe5 25. Rxe5 Qxf3 26. Rxf3 Ng4 27. Re4 f6 28. Rxg4 fxg5 29. Rxg5 Be7 30. Re5 Bf6 31. Re4 Rc8 32. Rxf6 gxf6 33. Rxe6 Kg6 34. g4 Kf7 35. Re3 Rc4 36. f3 Ra4 37. Re2 Ra3 38. Rc2 Kg6 39. Kg2 b5 40. Kg3 Ra4 41. Rd2 Rc4 42. Rd6 Ra4 43. g5 Rxa2 44. Rxf6+ Kg7 45. h5 Ra1 46. Kg4 a5 47. h6+ Kg8 48. Kf5 a4 49. Kg6 1-0

[Event "WSTCC-50 2024"]
[Site "Krakow"]
[Date "2024.07.07"]
[Round "6.15"]
[White "Mai, Iris"]
[Black "Czyz, Andrzej"]
[Result "1/2-1/2"]
[ECO "A04"]
[WhiteElo "1972"]
[BlackElo "1921"]
[Annotator "RC"]
[PlyCount "118"]
[EventDate "2024.07.01"]
[EventType "team-tourn"]
[EventCountry "POL"]
[SourceTitle "playchess.com"]
[Source "ChessBase"]
[SourceQuality "1"]
[TimeControl "40/5400+30:1800+30"]

1. Nf3 f5 2. g3 Nf6 3. Bg2 g6 4. O-O Bg7 5. d3 d6 6. c3 e5 7. Qb3 Qe7 8. e4 fxe4 9. dxe4 Nbd7 10. Nfd2 Nc5 11. Qc4 Be6 12. Qe2 a5 13. b3 O-O 14. Ba3 Ncd7 15. Nc4 a4 16. Nbd2 axb3 17. axb3 Qf7 18. b4 Ra6 19. Bb2 Rfa8 20. Rxa6 Rxa6 21. Ra1 Rxa1+ 22. Bxa1 Bh6 23. f3 b5 24. Na3 c6 25. Bb2 Nb6 26. h4 Na4 27. Nf1 Nxc3 28. Bxc3 Qa7+ 29. Kh2 Qxa3 30. Be1 Bc4 31. Qd1 d5 32. Nd2 Qxb4 33. Nxc4 Qxc4 34. Qa1 d4 35. Qa8+ Bf8 36. Bd2 Kf7 37. Qb7+ Be7 38. Qc7 Qe6 39. Bh6 Ne8 40. Qb8 Qd6 41. Qa8 d3 42. Qa2+ Qe6 43. Qd2 Qc4 44. Bf1 Qc2 45. Bxd3 Qxd2+ 46. Bxd2 Ba3 47. f4 exf4 48. gxf4 Ke6 49. h5 Nd6 50. Kh3 Bb2 51. hxg6 hxg6 52. Kg4 Nc4 53. Bb4 Bd4 54. Kg5 Kf7 55. e5 Nxe5 56. fxe5 Bxe5 57. Bxg6+ Ke6 58. Be4 Bd6 59. Bxc6 Bxb4 1/2-1/2

[Event "WSTCC-50 2024"]
[Site "Krakow"]
[Date "2024.07.07"]
[Round "6.16"]
[White "Davies, Nigel R"]
[Black "Koganov, Mikhail"]
[Result "1/2-1/2"]
[ECO "D21"]
[WhiteElo "2325"]
[BlackElo "2177"]
[Annotator "TA"]
[PlyCount "60"]
[EventDate "2024.07.01"]
[EventType "team-tourn"]
[EventCountry "POL"]
[SourceTitle "playchess.com"]
[Source "ChessBase"]
[SourceQuality "1"]
[TimeControl "40/5400+30:1800+30"]

1. d4 d5 2. c4 dxc4 3. Nf3 c5 4. e4 cxd4 5. Qxd4 Qxd4 6. Nxd4 Bd7 7. Bxc4 Nc6 8. Be3 Nxd4 9. Bxd4 Rc8 10. Nd2 {[%emt 0:00:12][%cal Oe1g1] White is more active.} a6 {[%emt 0:00:41] White is better.} 11. Ke2 e6 {[%emt 0:00:39] Against Bd5} 12. Bd3 Ne7 $1 13. Nc4 {[%emt 0:09:40] [#] aiming for Nd6+.} Nc6 14. Be3 Nb4 15. Nb6 Rc6 16. Nxd7 Kxd7 17. Rhd1 Nxd3 18. Rxd3+ Kc8 19. Rad1 Be7 {[%emt 0:00:19] Wards off Rd8+} 20. Rd7 Re8 21. R1d2 Rc7 22. Rxc7+ Kxc7 $11 {[%emt 0:00:05][%mdl 4096] Endgame. KRB-KRB} 23. Bf4+ Kb6 24. Rd7 f6 {[%emt 0:00:19] The position is equal.} 25. b3 e5 26. Be3+ Kc6 27. Rd2 b6 28. g3 Rd8 29. Rc2+ Kb7 30. h4 Rd6 {[%emt 0:04:50] Weighted Error Value: White=0.07 (flawless) /Black=0.04 (flawless) .  Inaccurate:     	White=3     	Black=1      OK:         	White=8     	Black=11     Best:        	---       	Black=3      Strong:       	---       	Black=1} 1/2-1/2

[Event "WSTCC-50 2024"]
[Site "Krakow"]
[Date "2024.07.07"]
[Round "6.16"]
[White "Wielosz, Jaroslaw"]
[Black "Jahn, Constanze"]
[Result "1/2-1/2"]
[ECO "D30"]
[WhiteElo "1920"]
[BlackElo "2051"]
[Annotator "NA RC"]
[PlyCount "47"]
[EventDate "2024.07.01"]
[EventType "team-tourn"]
[EventCountry "POL"]
[SourceTitle "playchess.com"]
[Source "ChessBase"]
[SourceQuality "1"]
[TimeControl "40/5400+30:1800+30"]

1. d4 d5 2. c4 e6 3. Nf3 Nf6 4. g3 Bb4+ 5. Bd2 Be7 6. Bg2 O-O 7. Qc2 b6 8. cxd5 exd5 9. O-O Bb7 10. Nc3 Nbd7 11. Rfd1 Re8 12. Bf4 Nh5 13. Be3 g6 14. Rac1 c6 15. Bh6 Nhf6 16. h3 Bd6 17. Ng5 Bf8 18. Bxf8 Nxf8 19. Nf3 N8d7 20. Nd2 Rc8 21. e4 dxe4 22. Ndxe4 Nxe4 23. Nxe4 Nf6 24. Nxf6+ 1/2-1/2

[Event "WSTCC-50 2024"]
[Site "Krakow"]
[Date "2024.07.07"]
[Round "6.16"]
[White "Buriene, Regina"]
[Black "Korge, Kersti"]
[Result "1/2-1/2"]
[ECO "B01"]
[WhiteElo "1904"]
[BlackElo "1859"]
[Annotator "NA RC"]
[PlyCount "38"]
[EventDate "2024.07.01"]
[EventType "team-tourn"]
[EventCountry "POL"]
[SourceTitle "playchess.com"]
[Source "ChessBase"]
[SourceQuality "1"]
[TimeControl "40/5400+30:1800+30"]

1. e4 d5 2. exd5 Qxd5 3. d4 c6 4. Nc3 Qd6 5. Nf3 Nf6 6. Be2 Bg4 7. h3 Bh5 8. O-O e6 9. Re1 Be7 10. a3 O-O 11. Ne5 Bxe2 12. Nxe2 Nbd7 13. Bf4 Nxe5 14. dxe5 Qxd1 15. Raxd1 Nd5 16. Rd3 Nxf4 17. Nxf4 Rfd8 18. Red1 Rxd3 19. Rxd3 Rd8 1/2-1/2

[Event "WSTCC-50 2024"]
[Site "Krakow"]
[Date "2024.07.07"]
[Round "6.17"]
[White "Lima, Darcy"]
[Black "Crocker, Philip J"]
[Result "1/2-1/2"]
[ECO "A20"]
[WhiteElo "2392"]
[BlackElo "2122"]
[Annotator "TA"]
[PlyCount "71"]
[EventDate "2024.07.01"]
[EventType "team-tourn"]
[EventCountry "POL"]
[SourceTitle "playchess.com"]
[Source "ChessBase"]
[SourceQuality "1"]
[TimeControl "40/5400+30:1800+30"]

1. c4 e5 2. g3 c6 3. Nf3 e4 4. Nd4 d5 5. cxd5 Qxd5 6. e3 Bc5 7. Nc3 Qe5 8. Nb3 {[%emt 0:15:10] [#] Strongly threatening f4.} Bb6 {[%emt 0:01:11] Black is slightly better.} 9. d4 exd3 10. Qxd3 Nf6 {[%emt 0:02:04] Dodges Ne4} 11. Bg2 O-O 12. O-O Rd8 13. Qe2 Bg4 14. f3 Bf5 15. Rd1 {[%emt 0:04:18] Inhibits Bd3.} Na6 {[%emt 0:02:22] [#] White must now prevent ...Nb4.} 16. Kh1 $1 Rxd1+ 17. Nxd1 Rd8 18. e4 Qe6 (18... Be6 $15 19. Be3 Nb4) 19. Be3 $11 Bh3 20. Bxh3 Qxh3 21. Bxb6 axb6 22. Ne3 h5 23. Rd1 Rxd1+ 24. Nxd1 Nc5 25. Nxc5 bxc5 {[%emt 0:00:04][%mdl 4096] Endgame. KQN-KQN} 26. Nf2 Qd7 27. Kg2 Qd4 28. Qc2 c4 29. b3 cxb3 30. axb3 Nd7 31. Qd3 Qxd3 32. Nxd3 c5 33. Kf2 f6 34. Nf4 Ne5 35. Ke3 Nc6 36. Ne2 {Weighted Error Value: White=0.05 (flawless) /Black=0.06 (flawless) .  Mistake:       	---       	Black=1      Inaccurate:     	White=1     	---        OK:         	White=9     	Black=19     Best:        	White=1     	Black=1      Strong:       	White=1     	---} (36. Nd3 $5 b6 $8 37. Nb2 $11) 1/2-1/2

[Event "WSTCC-50 2024"]
[Site "Krakow"]
[Date "2024.07.07"]
[Round "6.17"]
[White "Mertens, Marc"]
[Black "Delaney, John"]
[Result "1-0"]
[ECO "B30"]
[WhiteElo "2142"]
[BlackElo "2167"]
[Annotator "RC"]
[PlyCount "77"]
[EventDate "2024.07.01"]
[EventType "team-tourn"]
[EventCountry "POL"]
[SourceTitle "playchess.com"]
[Source "ChessBase"]
[SourceQuality "1"]
[TimeControl "40/5400+30:1800+30"]

1. e4 c5 2. Nf3 Nc6 3. Bb5 e6 4. O-O Nge7 5. Re1 Ng6 6. c3 Be7 7. d4 a6 8. Bf1 cxd4 9. cxd4 d5 10. Nc3 b5 11. Bd3 Nb4 12. exd5 Nxd3 13. Qxd3 exd5 14. Bg5 f6 15. Bh4 O-O 16. Bg3 f5 17. Be5 f4 18. Nd2 b4 19. Ne2 Bf5 20. Qb3 Bg4 21. f3 Nxe5 22. dxe5 Qb6+ 23. Kh1 Be6 24. Qd3 Bc5 25. Nb3 Bf2 26. Rec1 Be3 27. Rc2 Rf5 28. Nbd4 Rh5 29. g3 fxg3 30. Qxe3 Rxh2+ 31. Kg1 Bh3 32. Nxg3 Rxc2 33. Nxc2 Qg6 34. Qf2 Rc8 35. Nd4 Rc4 36. Rd1 h5 37. Kh2 Bd7 38. Nge2 Qg5 39. Qg3 1-0

[Event "WSTCC-50 2024"]
[Site "Krakow"]
[Date "2024.07.07"]
[Round "6.18"]
[White "Burrows, Martin P"]
[Black "Becker, Rogerio Sperb"]
[Result "1/2-1/2"]
[ECO "B33"]
[WhiteElo "2019"]
[BlackElo "2053"]
[Annotator "NA RC"]
[PlyCount "75"]
[EventDate "2024.07.01"]
[EventType "team-tourn"]
[EventCountry "POL"]
[SourceTitle "playchess.com"]
[Source "ChessBase"]
[SourceQuality "1"]
[TimeControl "40/5400+30:1800+30"]

1. e4 c5 2. Nf3 Nc6 3. d4 cxd4 4. Nxd4 Nf6 5. Nc3 e5 6. Ndb5 d6 7. Bg5 a6 8. Na3 b5 9. Nd5 Be7 10. Bxf6 Bxf6 11. c3 Bg5 12. Nc2 Rb8 13. a4 bxa4 14. Ncb4 Bd7 15. Bxa6 Nxb4 16. cxb4 O-O 17. O-O Bc6 18. Rxa4 Bxa4 19. Qxa4 Kh8 20. Bd3 Qc8 21. b5 Qc5 22. Qc4 Qxc4 23. Bxc4 Ra8 24. g3 Bd8 25. Rc1 Rb8 26. Bd3 Bb6 27. Rc6 Bd4 28. b4 g6 29. Kg2 Ra8 30. Ra6 Kg7 31. g4 h6 32. Kg3 Rfc8 33. Kf3 Rab8 34. Rc6 Kf8 35. h4 Ra8 36. Ra6 Rab8 37. Rc6 Ra8 38. Ra6 1/2-1/2

[Event "WSTCC-50 2024"]
[Site "Krakow"]
[Date "2024.07.07"]
[Round "6.19"]
[White "Santanna, Paulo"]
[Black "Fraser-Mitchell, Jeremy N"]
[Result "1-0"]
[ECO "C00"]
[WhiteElo "2020"]
[BlackElo "2036"]
[Annotator "RC"]
[PlyCount "99"]
[EventDate "2024.07.01"]
[EventType "team-tourn"]
[EventCountry "POL"]
[SourceTitle "playchess.com"]
[Source "ChessBase"]
[SourceQuality "1"]
[TimeControl "40/5400+30:1800+30"]

1. e4 e6 2. d4 a6 3. Nf3 b5 4. Nbd2 c5 5. a4 b4 6. Bd3 Bb7 7. O-O Nf6 8. Qe2 cxd4 9. Nxd4 Qc7 10. N2b3 Be7 11. Bg5 Nc6 12. Nf3 h6 13. Bh4 Nh5 14. Bxe7 Nxe7 15. Qd2 a5 16. Nbd4 O-O 17. Rfe1 Qf4 18. Qe2 Qc7 19. g3 Nf6 20. Rad1 Qc5 21. e5 Nfd5 22. Qe4 g6 23. Qg4 Kg7 24. h4 h5 25. Qg5 Ng8 26. Be4 Rab8 27. Nb5 Nde7 28. Bxb7 Rxb7 29. Nd6 Rc7 30. Nd4 Nd5 31. Rd3 Ra7 32. g4 hxg4 33. h5 Nde7 34. Re4 Rc7 35. Rxg4 f5 36. exf6+ Nxf6 37. h6+ Kh7 38. Qxc5 Rxc5 39. Rh4 e5 40. Nb3 Rxc2 41. Nxa5 Rxb2 42. Nac4 Rb1+ 43. Kg2 Nc6 44. Ne4 Nh5 45. Rxd7+ Kxh6 46. Ne3 Rf4 47. Ng4+ Rxg4+ 48. Rxg4 Nf4+ 49. Kh2 Re1 50. Ng5 1-0

[Event "WSTCC-50 2024"]
[Site "Krakow"]
[Date "2024.07.07"]
[Round "6.19"]
[White "Kohnen, Marc"]
[Black "Lyons, Brendan"]
[Result "0-1"]
[ECO "B27"]
[WhiteElo "1837"]
[BlackElo "1920"]
[Annotator "NA RC"]
[PlyCount "52"]
[EventDate "2024.07.01"]
[EventType "team-tourn"]
[EventCountry "POL"]
[SourceTitle "playchess.com"]
[Source "ChessBase"]
[SourceQuality "1"]
[TimeControl "40/5400+30:1800+30"]

1. e4 c5 2. Nf3 g6 3. d4 cxd4 4. Qxd4 Nf6 5. e5 Nc6 6. Qd1 Nxe5 7. Nc3 Nxf3+ 8. Qxf3 Bg7 9. Bc4 O-O 10. O-O Qc7 11. Bb3 d6 12. Bg5 Qc6 13. Bd5 Qb6 14. Bb3 Be6 15. Rfe1 h6 16. Bxe6 fxe6 17. Bd2 d5 18. Qg3 Kh7 19. Ne2 Ne4 20. Be3 Nxg3 21. Bxb6 Nxe2+ 22. Rxe2 axb6 23. Rxe6 Rf7 24. Rxb6 Bd4 25. Rxb7 Rxf2 26. Rxe7+ Rf7+ 0-1

[Event "WSTCC-50 2024"]
[Site "Krakow"]
[Date "2024.07.07"]
[Round "6.20"]
[White "Noyce, Robert C"]
[Black "Serafim Junior, Arnor"]
[Result "1-0"]
[ECO "A16"]
[WhiteElo "2088"]
[BlackElo "1770"]
[Annotator "RC"]
[PlyCount "101"]
[EventDate "2024.07.01"]
[EventType "team-tourn"]
[EventCountry "POL"]
[SourceTitle "playchess.com"]
[Source "ChessBase"]
[SourceQuality "1"]
[TimeControl "40/5400+30:1800+30"]

1. c4 Nf6 2. Nc3 g6 3. e4 d6 4. g3 Bg7 5. Bg2 O-O 6. Nge2 Nbd7 7. O-O c6 8. h3 Qc7 9. f4 e5 10. f5 a6 11. g4 h6 12. d3 b5 13. Be3 Nb6 14. b3 b4 15. Nb1 Kh7 16. Qe1 Rb8 17. Qxb4 Nbd5 18. Qd2 Nxe3 19. Qxe3 Bb7 20. Nbc3 Qd8 21. Rac1 d5 22. exd5 cxd5 23. Nxd5 Nxd5 24. cxd5 Bxd5 25. f6 Bxf6 26. Bxd5 Bg5 27. Qf3 Bxc1 28. Rxc1 f5 29. Bc4 fxg4 30. Qxg4 Qb6+ 31. d4 exd4 32. Qxd4 Qa5 33. Qd7+ Kh8 34. Qg4 Qb6+ 35. Qd4+ Qxd4+ 36. Nxd4 Rf6 37. Ne6 Rc8 38. Rf1 Rxf1+ 39. Kxf1 Rc6 40. a4 a5 41. Ke2 Rd6 42. Kf3 g5 43. Nc5 Kg7 44. Nb7 Rf6+ 45. Kg3 Rf5 46. Bb5 h5 47. Nxa5 Kf6 48. Nc4 Rf1 49. a5 Ke6 50. a6 Rf7 51. Bc6 1-0

[Event "WSTCC-50 2024"]
[Site "Krakow"]
[Date "2024.07.07"]
[Round "6.20"]
[White "O`Dwyer, Fergal"]
[Black "Kayser, Pierrot"]
[Result "1-0"]
[ECO "C00"]
[WhiteElo "1935"]
[BlackElo "1764"]
[Annotator "NA RC"]
[PlyCount "61"]
[EventDate "2024.07.01"]
[EventType "team-tourn"]
[EventCountry "POL"]
[SourceTitle "playchess.com"]
[Source "ChessBase"]
[SourceQuality "1"]
[TimeControl "40/5400+30:1800+30"]

1. e4 e6 2. d4 c5 3. d5 exd5 4. exd5 d6 5. c4 Nf6 6. Nf3 Be7 7. Nc3 Bf5 8. Bd3 Bxd3 9. Qxd3 Nbd7 10. O-O O-O 11. Re1 Re8 12. h3 Bf8 13. Bf4 a6 14. Rxe8 Nxe8 15. Re1 Qf6 16. Qd2 Nb6 17. b3 Qf5 18. Ne4 Rd8 19. Ng3 Qd7 20. Qd3 Be7 21. Bd2 Nc8 22. Nf5 Bf8 23. Ng5 g6 24. Ng3 Ng7 25. N5e4 Be7 26. Bc3 Nf5 27. Nf6+ Bxf6 28. Bxf6 Re8 29. Rxe8+ Qxe8 30. Nxf5 gxf5 31. Qg3+ 1-0

[Event "WSTCC-50 2024"]
[Site "Krakow"]
[Date "2024.07.07"]
[Round "6.21"]
[White "Osiecki, Stanislaw"]
[Black "Marinello, Beatriz"]
[Result "1-0"]
[ECO "B12"]
[WhiteElo "1986"]
[BlackElo "2109"]
[Annotator "RC"]
[PlyCount "69"]
[EventDate "2024.07.01"]
[EventType "team-tourn"]
[EventCountry "POL"]
[SourceTitle "playchess.com"]
[Source "ChessBase"]
[SourceQuality "1"]
[TimeControl "40/5400+30:1800+30"]

1. e4 c6 2. d4 d5 3. e5 c5 4. c3 Nc6 5. h3 e6 6. Nf3 Qb6 7. Bd3 Bd7 8. dxc5 Bxc5 9. O-O a5 10. Nbd2 Qc7 11. Nb3 Bb6 12. Bf4 Nge7 13. Bg3 Ng6 14. Qe2 O-O 15. h4 h6 16. h5 Nge7 17. Kh1 a4 18. Nbd4 Nxd4 19. cxd4 Qb8 20. Rad1 Qa7 21. Bf4 Rfc8 22. g4 Kf8 23. Qe3 Ke8 24. g5 hxg5 25. Bxg5 Nf5 26. Bxf5 exf5 27. Qa3 Bd8 28. Bxd8 Rxd8 29. Rg1 Qa6 30. Rxg7 Be6 31. Ng5 Kd7 32. Nxf7 Rg8 33. Rh7 Qe2 34. Qd6+ Ke8 35. Qxe6+ 1-0

[Event "WSTCC-50 2024"]
[Site "Krakow"]
[Date "2024.07.07"]
[Round "6.21"]
[White "Kirby, Peter J."]
[Black "Homer, Stephen J"]
[Result "1/2-1/2"]
[ECO "A55"]
[WhiteElo "1984"]
[BlackElo "2019"]
[Annotator "RC"]
[PlyCount "108"]
[EventDate "2024.07.01"]
[EventType "team-tourn"]
[EventCountry "POL"]
[SourceTitle "playchess.com"]
[Source "ChessBase"]
[SourceQuality "1"]
[TimeControl "40/5400+30:1800+30"]

1. Nf3 Nf6 2. c4 d6 3. d4 Nbd7 4. Nc3 e5 5. e4 Be7 6. Be2 O-O 7. O-O c6 8. Re1 Re8 9. Bf1 Bf8 10. d5 a5 11. Bg5 h6 12. Bh4 Qc7 13. Nd2 g6 14. b3 Nh5 15. f3 Nc5 16. Qc2 Be7 17. Bf2 Bg5 18. Rab1 f5 19. a3 Bxd2 20. Qxd2 f4 21. b4 axb4 22. axb4 Na6 23. c5 Rd8 24. Red1 Nf6 25. dxc6 bxc6 26. Bc4+ Kh7 27. cxd6 Qd7 28. b5 Nb8 29. Bb6 Rf8 30. Bc7 Bb7 31. Ra1 Rxa1 32. Rxa1 cxb5 33. Bxb5 Qc8 34. Rc1 Nbd7 35. Nd5 Bxd5 36. exd5 Qa8 37. Bc6 Qa3 38. Rc3 Qa7+ 39. Kf1 e4 40. Qc1 exf3 41. gxf3 Ne5 42. Ra3 Qd4 43. Qe1 Nxc6 44. dxc6 Re8 45. Qc1 Nd5 46. d7 Ne3+ 47. Rxe3 Rxe3 48. Qxe3 Qd1+ 49. Qe1 Qxf3+ 50. Qf2 Qd1+ 51. Qe1 Qf3+ 52. Qf2 Qd1+ 53. Qe1 Qf3+ 54. Kg1 Qg4+ 1/2-1/2

[Event "WSTCC-50 2024"]
[Site "Krakow"]
[Date "2024.07.07"]
[Round "6.22"]
[White "Sagalchik, Olga"]
[Black "Sielicki, Tomasz"]
[Result "1-0"]
[ECO "D32"]
[WhiteElo "2128"]
[BlackElo "2017"]
[Annotator "RC"]
[PlyCount "63"]
[EventDate "2024.07.01"]
[EventType "team-tourn"]
[EventCountry "POL"]
[SourceTitle "playchess.com"]
[Source "ChessBase"]
[SourceQuality "1"]
[TimeControl "40/5400+30:1800+30"]

1. d4 d5 2. c4 e6 3. Nc3 c5 4. cxd5 exd5 5. Nf3 Nc6 6. e3 Nf6 7. Be2 c4 8. O-O Bb4 9. Bd2 O-O 10. Ne5 Re8 11. f4 Bxc3 12. Bxc3 Ne4 13. Be1 f6 14. Nxc6 bxc6 15. b3 cxb3 16. Qxb3 Qb6 17. Rb1 Rb8 18. Bd3 Nd6 19. Qa3 Nb5 20. Qc1 Qa6 21. a4 Qxa4 22. Qxc6 Ba6 23. Qxd5+ Kh8 24. Qf5 g6 25. Qxf6+ Kg8 26. Rb4 Nc7 27. Rxa4 Bxd3 28. Rxa7 Re6 29. Qh4 h5 30. Rxc7 Bxf1 31. Kxf1 Rxe3 32. Qf6 1-0

[Event "WSTCC-50 2024"]
[Site "Krakow"]
[Date "2024.07.07"]
[Round "6.22"]
[White "Rasalingam, Haran"]
[Black "Brookfield, Toby"]
[Result "1-0"]
[ECO "B23"]
[WhiteElo "1944"]
[BlackElo "1894"]
[Annotator "NA RC"]
[PlyCount "59"]
[EventDate "2024.07.01"]
[EventType "team-tourn"]
[EventCountry "POL"]
[SourceTitle "playchess.com"]
[Source "ChessBase"]
[SourceQuality "1"]
[TimeControl "40/5400+30:1800+30"]

1. e4 c5 2. Nc3 d6 3. d4 cxd4 4. Qxd4 a6 5. b3 Nc6 6. Qd2 Nf6 7. Bb2 g6 8. O-O-O Bg7 9. f3 O-O 10. Nge2 Bd7 11. h4 h5 12. Nd5 Nxd5 13. Bxg7 Kxg7 14. exd5 Ne5 15. Nd4 Rc8 16. g4 hxg4 17. f4 Nf3 18. Nxf3 gxf3 19. h5 Bf5 20. Bd3 e6 21. Kb1 Qf6 22. dxe6 Bxe6 23. hxg6 fxg6 24. f5 Bxf5 25. Bxf5 Qxf5 26. Qh6+ Kf6 27. Rxd6+ Ke7 28. Rd2 Rh8 29. Qg7+ Ke6 30. Re1+ 1-0

[Event "WSTCC-50 2024"]
[Site "Krakow"]
[Date "2024.07.07"]
[Round "6.23"]
[White "Flis, Pawel"]
[Black "Tsodikova, Natalia"]
[Result "1/2-1/2"]
[ECO "C50"]
[WhiteElo "1980"]
[BlackElo "2019"]
[Annotator "RC"]
[PlyCount "104"]
[EventDate "2024.07.01"]
[EventType "team-tourn"]
[EventCountry "POL"]
[SourceTitle "playchess.com"]
[Source "ChessBase"]
[SourceQuality "1"]
[TimeControl "40/5400+30:1800+30"]

1. e4 e5 2. Nf3 Nc6 3. Bc4 Bc5 4. d3 Nf6 5. Nbd2 O-O 6. h3 d5 7. Bb3 Re8 8. Qe2 a5 9. c3 h6 10. Nf1 Be6 11. Ng3 Bb6 12. Ba4 Qd6 13. O-O Rad8 14. Rd1 Bd7 15. Bb3 d4 16. c4 Ne7 17. Nh4 c5 18. Rf1 g5 19. Nf3 Ng6 20. Nh2 Nf4 21. Bxf4 exf4 22. Nh5 Nh7 23. Qd2 Qg6 24. Bd1 f5 25. exf5 Bxf5 26. Bf3 Bxd3 27. Rfe1 Bxc4 28. b3 Bf7 29. g4 Nf6 30. Nxf6+ Qxf6 31. Bxb7 Re7 32. Be4 Rde8 33. Bf5 Bg6 34. Bxg6 Qxg6 35. Nf3 Bc7 36. Rac1 Qd6 37. Qd3 Kg7 38. Rxe7+ Rxe7 39. Re1 Rxe1+ 40. Nxe1 Qg6 41. Kg2 Qxd3 42. Nxd3 Bd6 43. Kf3 a4 44. Ke4 axb3 45. axb3 Kf6 46. Kd5 Ke7 47. Ne1 Kd7 48. Nd3 Kc7 49. Ne1 Bf8 50. Nd3 Kb6 51. Kc4 Kc6 52. f3 Be7 1/2-1/2